 Dungeon Crawl Stone Soup version 0.26-a0-259-g1effd001a9 (webtiles) character file.

Game seed: 12044401024998610754

1662 jlcercos the Chiller (level 8, -7/45 HPs)
             Began as a Vampire Ice Elementalist on July 19, 2020.
             Was a Believer of Kikubaaqudgha.
             Mangled by a wyvern zombie (14 damage)
             ... on level 6 of the Dungeon on July 20, 2020.
             The game lasted 00:32:44 (5890 turns).

jlcercos the Chiller (Vampire Ice Elementalist)     Turns: 5890, Time: 00:32:44

Health: -7/45      AC:  6    Str:  7    XL:     8   Next: 69%
Magic:  13/16      EV: 15    Int: 25    God:    Kikubaaqudgha [**....]
Gold:   300        SH:  0    Dex: 21    Spells: 2/18 levels left

rFire    . . .     SeeInvis +   m - +1 hand axe
rCold    + + .     Faith    .   (no shield)
rNeg     + + +     Spirit   .   w - +2 robe {rN+}
rPois    ∞         Reflect  .   l - +0 helmet
rElec    .         Harm     .   (no cloak)
rCorr    .                      (no gloves)
MR       .....                  v - +0 pair of boots
Stlth    ++++++....             (no amulet)
HPRegen  0.00/turn              f - +6 ring of intelligence
MPRegen  0.15/turn              k - +6 ring of dexterity

@: bloodless
A: no food, fangs 3, see invisible, unbreathing
a: Bat Form, Revivify, Receive Corpses, Renounce Religion


You were on level 6 of the Dungeon.
You worshipped Kikubaaqudgha.
Kikubaaqudgha was pleased with you.
You were bloodless.

You visited 2 branches of the dungeon, and saw 7 of its levels.

You collected 300 gold pieces.

Inventory:

Hand Weapons
 m - a +1 hand axe (weapon)
Armour
 g - a +2 ring mail of magic resistance
 l - a +0 helmet (worn)
 v - a +0 pair of boots (worn)
 w - a +2 robe of positive energy (worn)
 y - a scarf of harm
Jewellery
 f - a +6 ring of intelligence (left hand)
 k - a +6 ring of dexterity (right hand)
 B - a +6 ring of strength
Wands
 r - a wand of disintegration (9)
Scrolls
 c - 2 scrolls of remove curse
 n - a scroll of enchant weapon
 o - 2 scrolls of amnesia
 s - a scroll of blinking
 t - 2 scrolls of teleportation
 x - a scroll of fog
 z - a scroll of immolation
Potions
 a - a potion of ambrosia {unknown}
 b - 3 potions of magic {unknown}
 d - 2 potions of lignification
 e - 2 potions of brilliance
 h - a potion of might {unknown}
 i - a potion of curing
 j - 2 potions of stabbing
 p - a potion of mutation {unknown}
 q - a potion of heal wounds {unknown}
 u - a potion of degeneration {unknown}
 A - a potion of resistance {unknown}


   Skills:
 + Level 2.5 Fighting
 + Level 4.0 Axes
 + Level 4.0 Dodging
 + Level 5.9 Stealth
 + Level 5.5 Spellcasting
 + Level 2.2 Hexes
 + Level 0.2 Charms
 + Level 0.1 Necromancy
 + Level 7.0 Ice Magic
 + Level 0.1 Evocations


You had 2 spell levels left.
You knew the following spells:

 Your Spells              Type           Power        Failure   Level
a - Freeze                Ice            ####         1%          1
b - Frozen Ramparts       Ice            #####.       1%          3
c - Ozocubu's Armour      Chrm/Ice       ####....     5%          3
d - Hailstorm             Conj/Ice       ###.....     19%         4
e - Vampiric Draining     Necr           #.........   22%         3
f - Slow                  Hex            ###.....     4%          2

Your spell library contained the following spells:

 Spells                   Type           Power        Failure   Level
 Corona                   Hex            ###....      3%          1
 Pain                     Necr           #...         8%          1
 Summon Small Mammal      Summ           #...         8%          1
 Sublimation of Blood     Necr           #.........   11%         2
 Call Imp                 Summ           #.......     12%         2
 Corpse Rot               Necr/Air       N/A          12%         2
 Confusing Touch          Hex            ###.....     10%         3
 Inner Flame              Hex/Fire       ##......     14%         3
 Portal Projectile        Hex/Tloc       ##....       14%         3
 Summon Guardian Golem    Hex/Summ       ##......     14%         3
 Summon Ice Beast         Ice/Summ       ###.....     19%         4
 Call Canine Familiar     Summ           #.......     24%         3
 Gell's Gravitas          Tloc           #.........   24%         3
 Cause Fear               Hex            ###.......   30%         4
 Metabolic Englaciation   Hex/Ice        ####......   32%         5
 Leda's Liquefaction      Hex/Erth       ##........   43%         4
 Petrify                  Tmut/Erth      #.......     61%         4
 Summon Lightning Spire   Summ/Air       #.......     61%         4
 Yara's Violent Unravell  Hex/Tmut       ##........   80%         5


Dungeon Overview and Level Annotations

Branches:
Dungeon (6/15)             Temple (1/1) D:6

Altars:
Ashenzari
Elyvilon
Fedhas
Gozag
Hepliaklqana
Kikubaaqudgha
Nemelex Xobeh
Qazlal
Trog
Uskayaw
Xom
Yredelemnul
Zin
The Shining One
Lugonu

Shops:
D:5 [=(*


Innate Abilities, Weirdness & Mutations

You do not eat.
You do not regenerate when monsters are visible.
You are frail without blood (-20% HP).
You can heal yourself when you bite living creatures.
You are immune to poison.
You have razor-sharp teeth.
You have supernaturally acute eyesight. (SInv)
You can survive without breathing.


Message History

The wall freezes the wyvern zombie but do no damage.
The wyvern zombie bites you.
You hit the wyvern zombie but do no damage.
The wyvern zombie is severely damaged.
The wyvern zombie resists.
The wall freezes the wyvern zombie.
The wyvern zombie bites you!
You hit the wyvern zombie but do no damage.
The wyvern zombie is severely damaged.
The wyvern zombie resists.
The wall freezes the wyvern zombie.
The wyvern zombie bites you!
* * * LOW HITPOINT WARNING * * *
The wyvern zombie completely resists.
The wall freezes the wyvern zombie but do no damage.
The wyvern zombie resists.
The wall freezes the wyvern zombie.
The frozen ramparts melt away.
You hit the wyvern zombie.
The wyvern zombie is severely damaged.
The wyvern zombie bites you!
You die...
Kikubaaqudgha rasps: "You have failed me!
Welcome... oblivion!"

#########
##################........
..................>.......
####.#############.######.
................@Z......#
####.#############.####.#
# #[# #.# # #)# #.# ####.#
#.. .....# ### ####.# #.#
#.#


You could see a wyvern zombie (slow).

Vanquished Creatures
  Sigmund (D:3)
  Eustachio (D:4)
  A water moccasin (D:6)
  A phantom (D:6)
  2 black bears (D:6)
  A centaur (D:5)
  2 bullfrogs (D:6)
  2 scorpions
  A bullfrog zombie (D:5)
  A hound (D:6)
  3 orc priests
  A bullfrog skeleton (D:4)
  A centaur skeleton (D:5)
  3 orc wizards
  2 worker ants
  A hound zombie (D:6)
  Robin (D:3)
  7 adders
  11 gnolls
  A white imp (D:5)
  3 oozes
  An adder skeleton (D:5)
  4 worms
  3 dart slugs
  10 leopard geckos
  20 orcs
  6 giant cockroaches
  15 goblins
  4 hobgoblins
  10 jackals
  7 kobolds
  5 quokkas
  A ball python (D:1)
  5 bats
  7 frilled lizards
  A quokka skeleton (D:6)
  6 rats
152 creatures vanquished.

Notes
Turn   | Place    | Note
-------+----------+-------------------------------------------
     0 | D:1      | jlcercos the Vampire Ice Elementalist began the quest for
                  | the Orb.
     0 | D:1      | Reached XP level 1. HP: 13/13 MP: 3/3
   265 | D:1      | Reached XP level 2. HP: 17/19 MP: 3/5
   948 | D:2      | Reached XP level 3. HP: 23/24 MP: 4/6
  1191 | D:2      | Learned a level 3 spell: Frozen Ramparts
  1195 | D:2      | Learned a level 3 spell: Ozocubu's Armour
  1232 | D:2      | Reached XP level 4. HP: 28/31 MP: 3/8
  1646 | D:3      | Noticed Robin
  1648 | D:3      | Found an ancient bone altar of Kikubaaqudgha.
  1676 | D:3      | Killed Robin
  1760 | D:3      | Reached skill level 1 in Axes
  1772 | D:3      | Became a worshipper of Kikubaaqudgha
  1790 | D:3      | Reached XP level 5. HP: 36/36 MP: 5/9
  1891 | D:3      | Reached skill level 5 in Ice Magic
  2097 | D:3      | Noticed Sigmund
  2110 | D:3      | Killed Sigmund
  2110 | D:3      | Reached skill level 1 in Fighting
  2110 | D:3      | Reached XP level 6. HP: 43/43 MP: 3/11
  2531 | D:3      | Learned a level 4 spell: Hailstorm
  2557 | D:4      | Found a bloodstained altar of Trog.
  2683 | D:4      | Found a white marble altar of Elyvilon.
  2859 | D:4      | Reached skill level 5 in Stealth
  3093 | D:4      | Found an opulent altar of Gozag.
  3094 | D:4      | Found a glowing silver altar of Zin.
  3173 | D:4      | Reached * piety under Kikubaaqudgha
  3173 | D:4      | Identified Kikubaaqudgha's Compendium of Evil Magic
                  | (Kikubaaqudgha gifted it to you on level 4 of the Dungeon)
  3173 | D:4      | Received a gift from Kikubaaqudgha
  3264 | D:4      | Reached XP level 7. HP: 32/48 MP: 10/13
  3500 | D:4      | Noticed Eustachio
  3529 | D:4      | Killed Eustachio
  3665 | D:4      | Reached skill level 6 in Ice Magic
  3802 | D:5      | Entered Level 5 of the Dungeon
  3826 | D:5      | Learned a level 3 spell: Vampiric Draining
  3896 | D:5      | Found Loqoh's Jewellery Shoppe.
  4097 | D:5      | Found a blossoming altar of Fedhas.
  4251 | D:5      | Reached XP level 8. HP: 3/55 MP: 8/15
  4397 | D:5      | Found Nuxim's General Store.
  4400 | D:5      | Found Izaz's Antique Weapon Boutique.
  4536 | D:5      | Reached skill level 5 in Spellcasting
  4597 | D:5      | Found Woleb's Armour Boutique.
  4613 | D:5      | Learned a level 2 spell: Slow
  4729 | D:5      | Reached ** piety under Kikubaaqudgha
  5251 | D:6      | HP: 1/44 [phantom (8)]
  5544 | D:6      | Reached skill level 1 in Hexes
  5603 | D:6      | Found a staircase to the Ecumenical Temple.
  5606 | D:6      | Found a bloodstained altar of Trog.
  5622 | D:6      | Reached skill level 7 in Ice Magic
  5635 | Temple   | Entered the Ecumenical Temple
  5890 | D:6      | Mangled by a wyvern zombie

Illustrated notes

Levels and vault maps discovered:
D:1:      dpeg_arrival_shrine, layout_loops_cross, minmay_pentomino_q2
D:2:      layout_basic
D:3:      layout_loops_ring, lemuel_round_altar, serial_glass, glass_columns_c,
          glass_columns_a, feat_on_display, item_on_display_a,
          item_on_display_a, uniq_robin, uniq_sigmund
D:4:      lemuel_upstairs_altar, layout_loops_corners,
          grunt_temple_overflow_gold_and_silver, overflow_temple_1_default,
          elyvilon_altar_5, gup_sewer_entry_pipe, first_ration,
          kennysheep_boxes, uniq_eustachio
D:5:      layout_basic, fedhas_altar_2, serial_shops, nicolae_shop_trees,
          nicolae_shop_overgrown_old_shop, shop, nicolae_shop_waterfront
D:6:      layout_basic, lemuel_doored_altar, minmay_temple_entry_purple_smoke,
          trog_ov_bears_minmay
Temple:   corrupted_temple

Skill      XL: |  1  2  3  4  5  6  7  8 |
---------------+-------------------------+-----
Spellcasting   | 3 4 5 |  5.5
Axes           | 1 2 4 |  4.0
Ice Magic      | 5 6 7 |  7.0
Fighting       | 1 2 |  2.5
Stealth        | 4 5 |  5.9
Dodging        | 3 4 |  4.0
Hexes          | 2 |  2.2
Charms         | |  0.2
Necromancy     | |  0.1
Evocations     | |  0.1

Action                   |  1- 3 |  4- 6 |  7- 9 || total
-------------------------+-------+-------+-------++-------
Melee: Mace              |    41 |       |       ||    41
       Unarmed           |     3 |       |       ||     3
       Hand axe          |    34 |    84 |   161 ||   279
       Bite              |     3 |     6 |    19 ||    28
 Cast: Freeze            |    33 |    14 |     8 ||    55
       Frozen Ramparts   |     1 |    16 |    23 ||    40
       Ozocubu's Armour  |       |       |     3 ||     3
       Vampiric Draining |       |       |     2 ||     2
       Slow              |       |       |     8 ||     8
 Abil: Exsanguinate      |       |       |     1 ||     1
Evoke: Wand              |       |       |     3 ||     3
  Use: Scroll            |     5 |     7 |     3 ||    15
       Potion            |       |       |     4 ||     4
 Stab: Sleeping          |     6 |     9 |     6 ||    21
       Distracted        |       |     1 |       ||     1
Armor: Robe              |    20 |    17 |    42 ||    79
Dodge: Dodged            |    64 |    70 |   117 ||   251

Table legend:
 A = Non-vault XP
 B = Vault XP
 C = Vault XP percentage of total XP
 D = Non-vault monster count
 E = Vault monster count
 F = Vault count percentage of total count
                 A         B        C        D         E       F
            +---------+---------+-------+---------+---------+-------
      Total |    1661 |     714 |  30.1 |     126 |      26 |  17.1
            +---------+---------+-------+---------+---------+-------
        D:1 |      35 |       5 |  12.5 |      18 |       2 |  10.0
        D:2 |      85 |       0 |   0.0 |      26 |       0 |   0.0
        D:3 |     125 |     243 |  66.0 |      20 |      13 |  39.4
        D:4 |     296 |     212 |  41.7 |      15 |       9 |  37.5
        D:5 |     586 |       0 |   0.0 |      31 |       0 |   0.0
        D:6 |     534 |     254 |  32.2 |      16 |       2 |  11.1
            +---------+---------+-------+---------+---------+-------
